 Dungeon Crawl Stone Soup version 0.21-a0-460-g737a915 (webtiles) character file.

11314 Megalobster the Covert (level 11, 0/47 HPs)
             Began as a Spriggan Enchanter on Nov 20, 2017.
             Was an Elder of Nemelex Xobeh.
             Killed by divine providence
             ... invoked by an orc priest
              (14 damage)
             ... on level 11 of the Dungeon.
             The game lasted 00:50:41 (13972 turns).

Megalobster the Covert (Spriggan Enchanter)        Turns: 13972, Time: 00:50:42

Health: 0/47       AC: 10    Str:  6    XL:     11   Next: 47%
Magic:  3/32       EV: 25    Int: 17    God:    Nemelex Xobeh [****..]
Gold:   533        SH:  0    Dex: 18    Spells: 13/25 levels left

rFire    + + .     SeeInvis +   a - +1 dagger
rCold    + . .     Gourm    .   (shield restricted)
rNeg     . . .     Faith    .   S - +2 robe {rF+}
rPois    .         Spirit   .   (helmet restricted)
rElec    .         Reflect  .   G - scarf {rC+ rF+}
rCorr    .         Harm     .   (gloves unavailable)
MR       +....                  (boots unavailable)
Stlth    ++++++....             K - amulet of regeneration
HPRegen  0.55/turn              A - +6 ring of protection
MPRegen  0.23/turn              H - ring of magical power

@: very quick
A: unfitting armour, see invisible, herbivore 3, speed 3, slow metabolism 2
a: Triple Draw, Deal Four, Renounce Religion


You were on level 11 of the Dungeon.
You worshipped Nemelex Xobeh.
Nemelex Xobeh was greatly pleased with you.
You were hungry.

You visited 2 branches of the dungeon, and saw 14 of its levels.

You collected 653 gold pieces.
You spent 120 gold pieces at shops.

Inventory:

Hand Weapons
 a - a +1 dagger (weapon)
 f - the +7 falchion of Selilih {freeze, Fragile rElec MP+9 Stlth+, unknown}
   (You found it on level 6 of the Dungeon)

   It has been specially enchanted to freeze those struck by it, causing extra
   injury to most foes and up to half again as much damage against particularly
   susceptible opponents.
   It can also slow down cold-blooded creatures.
   It insulates you from electricity.
   It affects your magic capacity (+9).
   It will be destroyed if unequipped.
   It makes you more stealthy.
Armour
 b - a +0 robe
 v - a +0 cloak
 D - a +0 buckler
 G - a scarf of resistance (worn)
 S - a +2 robe of fire resistance (worn)
Magical Staves
 u - an uncursed staff of death
Jewellery
 q - an uncursed amulet of guardian spirit
 y - an uncursed ring of fire
 A - a +6 ring of protection (left hand)
 H - a ring of magical power (right hand)
 K - an amulet of regeneration (around neck)
Wands
 l - a wand of random effects (22)
 B - a wand of scattershot (3)
 O - a wand of polymorph (12)
 P - a wand of paralysis (17)
 T - a wand of iceblast (9)
Scrolls
 h - 3 scrolls of fog
 i - 5 scrolls of magic mapping
 k - 3 scrolls of remove curse
 n - 2 scrolls of blinking
 o - 4 scrolls of enchant weapon
 w - 5 scrolls of teleportation
 x - a scroll of immolation {unknown}
 E - 2 scrolls of enchant armour {unknown}
 J - a scroll of fear {unknown}
 M - a scroll of torment {unknown}
 U - a scroll of holy word {unknown}
Potions
 e - 4 potions of flight
 g - a potion of lignification
 m - 2 potions of brilliance
 p - a potion of cancellation
 r - 2 potions of magic
 s - a potion of haste
 t - a potion of resistance {unknown}
 z - a potion of invisibility {unknown}
 I - a potion of curing
 R - a potion of mutation {unknown}
Books
 c - a book of Maledictions

   Spells                             Type                      Level
   a - Corona                         Hexes                        1
   b - Ensorcelled Hibernation        Hexes/Ice                    2
   c - Confuse                        Hexes                        3
   d - Tukima's Dance                 Hexes                        3
   e - Dazzling Spray                 Conjuration/Hexes            3
Miscellaneous
 C - an ornate deck of escape
 L - an ornate deck of destruction {drawn: 3}
 N - an ornate deck of escape
 Q - a plain deck of destruction
Comestibles
 d - 5 bread rations
 j - 7 fruits
 F - a royal jelly


   Skills:
 + Level 6.4 Short Blades
 + Level 8.8 Dodging
 * Level 13.1 Stealth
 + Level 7.7 Spellcasting
 * Level 10.6 Hexes
 * Level 6.7 Invocations
 * Level 9.0 Evocations


You had 13 spell levels left.
You knew the following spells:

 Your Spells              Type           Power        Failure   Level  Hunger
a - Corona                Hex            #####..      1%          1    None
b - Ensorcelled Hibernat  Hex/Ice        ###...       1%          2    None
c - Confuse               Hex            #####...     1%          3    #......
d - Tukima's Dance        Hex            #####...     1%          3    #......
e - Dazzling Spray        Conj/Hex       ###...       3%          3    #......


Dungeon Overview and Level Annotations

Branches:
Dungeon (13/15)            Temple (1/1) D:4            Lair (0/6) D:11
    Orc: D:9-12      Vaults: D:13-14

Altars:
Ashenzari
Cheibriados
Dithmenos
Elyvilon
Fedhas
Gozag
Hepliaklqana
Kikubaaqudgha
Makhleb
Nemelex Xobeh
Okawaru
Qazlal
Ru
Sif Muna
Trog
Uskayaw
Vehumet
Wu Jian
Xom
Yredelemnul
Zin
The Shining One

Shops:
D:5 *   D:9 }   D:11 (   D:12 [

Portals:
Bailey: D:13


Innate Abilities, Weirdness & Mutations

You are very small and have problems with some larger weapons.
You are too small for most types of armour.
You have supernaturally acute eyesight. (SInv)
You are a herbivore.
You cover ground extremely quickly.
You need consume almost no food.


Message History

Your dagger hits the orc wizard but does no damage.
The orc wizard completely misses you.
You strike the helpless orc wizard from behind!
You impale the orc wizard!!
You kill the orc wizard!
Your dagger closely misses the orc priest.
Casting: Confuse
Confirm with . or Enter, or press ? or * to list all spells.
Aiming: Confuse
Press: ? - help, Shift-Dir - straight line, f/p - orc priest
Aim: an orc priest, wielding a club (chance to defeat MR: 68%)
The orc priest struggles to resist.
Your dagger falls from the air.
The orc priest hits you with a club.
* * * LOW HITPOINT WARNING * * *
The orc priest looks braver for a moment.
The orc priest mumbles some strange prayers to Beogh against you.
Beogh smites you!
You die...
Your body disappears without a glow.

...#
#.....).#
####.. .###
##.#
#.#####[#
#..# #.##o.#
#.# #.#
#)####..#
#.....# #.#
#.#
#o......#
#h.# #.# #.#
#.......#
#Y.#
#.#######[#
#..####.#
#..#
#.........#
#..# #.#
#..#
#.........#
#..#
#.######..#
#..######.#
#@.#
#......Y..#
#..# #.#
#..#
#.........#
#..# #.#
#..#
#.######....
#..# #.#
#..# #.#
#.... #..#
#.#####.##
### #####
##..#
#.......#
.(..#
#.......#
##..#
#..###..#
#..# #..#
#..#


You could see an orc priest.

Vanquished Creatures
  2 two-headed ogres
  2 unseen horrors (D:10)
  Pikel (D:4)
  The ghost of 4thArraOfDagon the Martial Artist, a novice DsHu of Uskayaw (D:8)
  A dancing weapon (D:11)
  2 hippogriffs (D:11)
  12 yaks
  A human (D:8)
  4 hogs (D:8)
  A hungry ghost (D:9)
  A water moccasin (D:10)
  2 orc warriors (D:6)
  2 sky beasts
  2 ice beasts
  3 necrophages
  2 phantoms
  4 ogres
  3 centaurs
  A gnoll sergeant (D:8)
  5 bullfrogs
  3 killer bees (D:9)
  4 scorpions
  5 howler monkeys
  4 wights (D:11)
  7 crimson imps
  3 jellies
  A bullfrog skeleton (D:7)
  Crazy Yiuf (D:3)
  4 hounds
  2 iguanas
  8 orc wizards
  Natasha (twice) (D:3)
  6 worker ants
  A worker ant zombie (D:6)
  8 gnolls
  8 adders
  3 shadow imps
  2 oozes
  An adder skeleton (D:7)
  2 worms (D:3)
  4 dart slugs
  5 leopard geckos
  10 orcs
  8 bats
  7 giant cockroaches
  9 hobgoblins
  6 jackals (D:3)
  9 kobolds
  4 quokkas
  4 frilled lizards
  6 goblins
  6 rats
205 creatures vanquished.

Vanquished Creatures (collateral kills)
  3 two-headed ogres
  An orc warrior (D:7)
  A killer bee (D:9)
  A wight (D:11)
  A jelly (D:9)
  An orc priest (D:9)
  6 gnolls
  3 orcs
17 creatures vanquished.

Vanquished Creatures (others)
  The ghost of Torious the Destroyer, a novice DECj of Sif Muna (D:9)
  8 dancing weapons
  An orc wizard (D:4)
  A ball lightning (D:9)
  A quokka skeleton (D:4)
12 creatures vanquished.

Grand Total: 234 creatures vanquished

Notes
Turn   | Place    | Note
-------+----------+-------------------------------------------
     0 | D:1      | Megalobster the Spriggan Enchanter began the quest for the Orb.
     0 | D:1      | Reached XP level 1. HP: 9/9 MP: 5/5
   253 | D:1      | Reached XP level 2. HP: 13/13 MP: 6/6
   257 | D:1      | Learned a level 2 spell: Ensorcelled Hibernation
   326 | D:1      | You fall through a shaft!
   382 | D:1      | Reached skill level 5 in Stealth
   414 | D:1      | Found a glowing golden altar of the Shining One.
   635 | D:1      | Reached XP level 3. HP: 16/16 MP: 5/8
  1709 | D:2      | Learned a level 3 spell: Confuse
  2038 | D:2      | Reached XP level 4. HP: 15/21 MP: 2/9
  2599 | D:3      | Reached skill level 6 in Stealth
  3306 | D:3      | Reached XP level 5. HP: 23/24 MP: 0/11
  3644 | D:3      | Found a runed door.
  3648 | D:3      | Noticed Crazy Yiuf
  3653 | D:3      | Killed Crazy Yiuf
  4035 | D:3      | Noticed Natasha
  4039 | D:3      | Killed Natasha
  4039 | D:3      | Reached skill level 5 in Hexes
  4290 | D:4      | Noticed a phantom
  4310 | D:4      | Killed a phantom
  4310 | D:4      | Reached XP level 6. HP: 21/28 MP: 8/12
  4447 | D:4      | Noticed Pikel
  4447 | D:4      | Noticed a slave
  4447 | D:4      | Noticed a slave
  4448 | D:4      | Noticed a slave
  4449 | D:4      | Noticed a slave
  4560 | D:3      | Learned a level 3 spell: Tukima's Dance
  4564 | D:3      | Learned a level 3 spell: Dazzling Spray
  4608 | D:3      | Noticed Natasha
  4952 | D:3      | Killed Natasha
  4952 | D:3      | Reached skill level 7 in Stealth
  5397 | D:4      | You fall through a shaft!
  5397 | D:5      | Entered Level 5 of the Dungeon
  5643 | D:4      | Killed Pikel
  5643 | D:4      | Reached skill level 5 in Dodging
  5643 | D:4      | Reached skill level 8 in Stealth
  5643 | D:4      | Reached XP level 7. HP: 17/32 MP: 4/15
  6163 | D:4      | Found a staircase to the Ecumenical Temple.
  6173 | Temple   | Entered the Ecumenical Temple
  6234 | Temple   | Became a worshipper of Nemelex Xobeh the Trickster
  6246 | Temple   | Received a gift from Nemelex Xobeh
  6689 | D:5      | Reached skill level 1 in Evocations
  7314 | D:5      | Found Rohoh's General Store.
  7317 | D:5      | Bought a bread ration for 60 gold pieces
  7317 | D:5      | Bought a potion of curing for 36 gold pieces
  7317 | D:5      | Bought a scroll of identify for 24 gold pieces
  7413 | D:5      | Reached XP level 8. HP: 36/36 MP: 16/16
  7462 | D:5      | Reached * piety under Nemelex Xobeh
  7691 | D:6      | Reached skill level 5 in Spellcasting
  7753 | D:6      | Reached skill level 9 in Stealth
  7753 | D:6      | Reached skill level 1 in Invocations
  8344 | D:6      | Found an ornate altar of the Wu Jian Council.
  8575 | D:6      | Got a dazzling falchion
  8690 | D:7      | Found a stormy altar of Qazlal.
  8852 | D:7      | Reached ** piety under Nemelex Xobeh
  9171 | D:7      | Reached XP level 9. HP: 39/39 MP: 18/18
  9214 | D:7      | Reached skill level 10 in Stealth
  9526 | D:8      | Noticed 4thArraOfDagon's ghost (novice DsHu)
  9629 | D:8      | Killed 4thArraOfDagon's ghost
  9629 | D:8      | Reached skill level 5 in Evocations
  9879 | D:8      | Reached skill level 11 in Stealth
  9922 | D:8      | Reached skill level 5 in Short Blades
  9994 | D:8      | Received a gift from Nemelex Xobeh
 10212 | D:8      | Reached XP level 10. HP: 44/44 MP: 19/20
 10381 | D:9      | Noticed a two-headed ogre
 10391 | D:9      | Killed a two-headed ogre
 10462 | D:9      | Found Fefadase's Gadget Emporium.
 10573 | D:9      | Reached skill level 5 in Invocations
 10578 | D:9      | Noticed a two-headed ogre
 10599 | D:9      | Killed a two-headed ogre
 10778 | D:9      | Noticed Torious's ghost (novice DECj)
 10822 | D:9      | Received a gift from Nemelex Xobeh
 10967 | D:9      | You fall through a shaft for 2 floors!
 11029 | D:11     | Reached skill level 12 in Stealth
 11113 | D:10     | Entered Level 10 of the Dungeon
 11115 | D:10     | Noticed an unseen horror
 11125 | D:10     | Killed an unseen horror
 11212 | D:10     | Noticed a two-headed ogre
 11230 | D:10     | Killed a two-headed ogre
 11253 | D:10     | Reached skill level 10 in Hexes
 11423 | D:10     | Noticed an unseen horror
 11430 | D:10     | Killed an unseen horror
 11430 | D:10     | Reached XP level 11. HP: 47/47 MP: 22/22
 11455 | D:10     | Reached *** piety under Nemelex Xobeh
 11580 | D:9      | Killed Torious's ghost
 12288 | D:9      | Received a gift from Nemelex Xobeh
 12796 | D:10     | Noticed a two-headed ogre
 12826 | D:10     | Killed a two-headed ogre
 12973 | D:10     | You fall through a shaft for 3 floors!
 13014 | D:13     | Noticed a phantasmal warrior
 13018 | D:13     | Noticed a phantasmal warrior
 13039 | D:13     | HP: 2/47 [phantasmal warrior[a death knight] (19)]
 13070 | D:13     | Found a flagged portal.
 13145 | D:12     | Found Caxtomuw's Antique Armour Emporium.
 13458 | D:11     | Found Izurch's Weapon Boutique.
 13558 | D:11     | Noticed a two-headed ogre
 13558 | D:11     | Reached skill level 13 in Stealth
 13594 | D:11     | Killed a two-headed ogre
 13776 | D:11     | Reached **** piety under Nemelex Xobeh
 13789 | D:11     | Found a staircase to the Lair.
 13972 | D:11     | Killed from afar by an orc priest

Vault maps used:
D:1:      tarquinn_simple_flora_water_e, tso_altar
D:3:      uniq_crazy_yiuf_cottage, uniq_natasha
D:4:      temple_hall, first_bread, hangedman_abyss_or_decor_lesser_grid,
          uniq_pikel
D:5:      serial_shops, kennysheep_mini
D:6:      nicolae_overflow_hidden_temple, kennysheep_generic_room_4
D:7:      nicolae_qazlal_general_emergency
D:8:      serial_curves, eino_curves_02, eino_curves_01, grunt_livestock
D:9:      kennysheep_windowed_goal
D:11:     erik_lair_orcish_takeover, serial_shops, nicolae_shop_waterfront,
          kennysheep_generic_room_16
D:12:     david_orc_5, serial_shops, shop, shop, nicolae_shop_window_shopping,
          nicolae_shop_overgrown_old_shop, shop, uniq_josephine, uniq_erolcha
D:13:     enter_bailey_2, yredelemnul_altar_generic
Temple:   regret_index_temple_sigil_plot

Skill      XL: |  1  2  3  4  5  6  7  8  9 10 11 |
---------------+----------------------------------+-----
Hexes          | 4 5 6 7 9 10 | 10.6
Stealth        | 5 6 8 9 11 12 13 | 13.1
Spellcasting   | 3 4 5 6 7 |  7.7
Short Blades   | 2 3 4 5 6 |  6.4
Dodging        | 4 5 6 7 8 |  8.8
Evocations     | 1 4 6 8 9 |  9.0
Invocations    | 2 4 6 |  6.7

Action                   |  1- 3 |  4- 6 |  7- 9 | 10-12 || total
-------------------------+-------+-------+-------+-------++-------
Melee: Dagger            |   135 |   183 |   209 |   242 ||   769
 Cast: Ensorcelled Hiber |    21 |    31 |    40 |    29 ||   121
       Confuse           |       |    14 |    31 |    57 ||   102
       Corona            |       |     1 |       |       ||     1
       Tukima's Dance    |       |     4 |    17 |    36 ||    57
Evoke: Wand              |       |       |       |     3 ||     3
       Deck              |       |       |       |     3 ||     3
  Use: Scroll            |       |     3 |     9 |       ||    12
       Potion            |       |       |     2 |       ||     2
 Stab: Sleeping          |    26 |    23 |    35 |    23 ||   107
       Confused          |       |     7 |    20 |    29 ||    56
       Distracted        |       |     2 |     1 |     2 ||     5
  Eat: Bread ration      |       |     2 |       |       ||     2
       Royal jelly       |       |       |     2 |     2 ||     4
Armor: Robe              |    22 |     8 |    23 |    18 ||    71
       Skin              |       |       |    27 |       ||    27
Dodge: Dodged            |   140 |   169 |   136 |   182 ||   627

Table legend:
 A = Spawn XP
 B = Non-spawn XP
 C = Spawn XP percentage of total XP
 D = Spawn monster count
 E = Non-spawn monster count
 F = Spawn count percentage of total count
 G = Total turns spent on level
                    A         B        C        D         E        F      G
               +---------+---------+-------+---------+---------+-------+---------
         Total |       0 |   16164 |   0.0 |       0 |     222 |   0.0 | 13972
               +---------+---------+-------+---------+---------+-------+---------
           D:1 |       0 |      43 |   0.0 |       0 |      24 |   0.0 |  1300
           D:2 |       0 |      79 |   0.0 |       0 |      22 |   0.0 |  1409
           D:3 |       0 |     206 |   0.0 |       0 |      26 |   0.0 |  1910
           D:4 |       0 |     985 |   0.0 |       0 |      20 |   0.0 |  1725
           D:5 |       0 |     118 |   0.0 |       0 |       5 |   0.0 |   990
           D:6 |       0 |     775 |   0.0 |       0 |      16 |   0.0 |   886
           D:7 |       0 |     720 |   0.0 |       0 |      17 |   0.0 |   769
           D:8 |       0 |    2812 |   0.0 |       0 |      24 |   0.0 |  1050
           D:9 |       0 |    4019 |   0.0 |       0 |      27 |   0.0 |  1676
          D:10 |       0 |    3158 |   0.0 |       0 |      17 |   0.0 |   773
          D:11 |       0 |    3049 |   0.0 |       0 |      22 |   0.0 |   949
          D:12 |       0 |     128 |   0.0 |       0 |       1 |   0.0 |    93
          D:13 |       0 |      72 |   0.0 |       0 |       1 |   0.0 |   103
               +---------+---------+-------+---------+---------+-------+---------
